 Dungeon Crawl Stone Soup version 0.22-a0-282-gdd34a7d (webtiles) character file.

224 RoseArtemis the Cudgeler (level 5, -1/47 HPs)
             Began as a Minotaur Fighter on Mar 17, 2018.
             Was an Initiate of Trog.
             Slain by a gnoll shaman
             ... wielding a +0 club
              (5 damage)
             ... on level 3 of the Dungeon.
             The game lasted 00:06:10 (2135 turns).

RoseArtemis the Cudgeler (Minotaur Fighter)         Turns: 2135, Time: 00:06:12

Health: -1/47      AC:  7    Str: 26    XL:     5   Next: 67%
Magic:  4/4        EV:  8    Int:  6    God:    Trog [......]
Gold:   129        SH: 10    Dex:  9    Spells: 4/4 levels left

rFire    . . .     SeeInvis .   a - +0 flail
rCold    . . .     Gourm    .   c - +0 shield
rNeg     . . .     Faith    .   b - +0 scale mail
rPois    .         Spirit   .   (helmet restricted)
rElec    .         Reflect  .   (no cloak)
rCorr    .         Harm     .   (no gloves)
MR       .....                  (no boots)
Stlth    ..........             (no amulet)
HPRegen  0.15/turn              (no ring)
MPRegen  0.09/turn              (no ring)

@: mighty, lethally poisoned (-1 -> -5)
A: retaliatory headbutt, horns 2
a: Renounce Religion


You were on level 3 of the Dungeon.
You worshipped Trog.
Trog was noncommittal.
You were not hungry.

You visited 1 branch of the dungeon, and saw 4 of its levels.

You collected 129 gold pieces.

Inventory:

Hand Weapons
 a - a +0 flail (weapon)
Armour
 b - a +0 scale mail (worn)
 c - a +0 shield (worn)
Wands
 o - a wand of flame (23)
Scrolls
 j - a scroll of teleportation {unknown}
 m - a scroll of amnesia {unknown}
 p - 3 scrolls of remove curse
 r - a scroll of fear
Potions
 d - a potion of might
 e - 2 potions of cancellation
 i - 2 potions of curing
 k - a potion of lignification
 l - a potion of agility {unknown}
 q - a potion of berserk rage {unknown}
Comestibles
 f - 4 rations
 g - 3 chunks of flesh


   Skills:
 + Level 4.7 Fighting
 * Level 5.0 Maces & Flails
 + Level 4.7 Armour
 + Level 4.7 Shields


You had 4 spell levels left.
You didn't know any spells.

Dungeon Overview and Level Annotations

Branches:
Dungeon (4/15)
 Temple: D:4-7

Altars:
Gozag
Trog
Xom


Innate Abilities, Weirdness & Mutations

You reflexively headbutt those who attack you in melee.
You have a pair of horns on your head.


Message History

There is a stone staircase leading down, spattered with blood here.
You feel very mighty all of a sudden.
You feel sick. You block the adder's attack. The gnoll hits you with a club.
The adder bites you. The adder bites you but does no damage.
You bludgeon the adder!!
You kill the adder!
Trog accepts your kill.
Your Maces & Flails skill increases to level 5!
The adder bites you.
* * * LOW HITPOINT WARNING * * *
You are more poisoned.
The adder poisons you! You block the gnoll's attack. The adder bites you.
* * * LOW HITPOINT WARNING * * *
You closely miss the gnoll shaman. You headbutt the gnoll shaman.
The gnoll shaman is moderately wounded.
You feel sick. The gnoll hits you with a club.
* * * LOW HITPOINT WARNING * * *
The adder closely misses you. You furiously retaliate!
You headbutt the adder. The gnoll shaman hits you with a club.
You die...

########### #########
#.........# #.......#
#.........# #.......#
#.........# #.......#
#.........# #.......#
#.........# #.......#
#.......gg# ##.......# #####
#......gS@####........# ....#
###.#)######..........# ....#
#.#.###....##.......# ....#
#.#.#...#####.......#
....######.#...######...######
..............#...##.)###
....##............##.##
##)).....##.......#..#
##.....##.....#...#.##


You could see a gnoll shaman, 2 gnolls and an adder.

Vanquished Creatures
  An orc priest (D:3)
  Terence (D:3)
  An orc wizard (D:3)
  2 gnolls (D:3)
  6 adders
  An ooze (D:1)
  A worm (D:3)
  4 dart slugs
  2 leopard geckos
  4 orcs (D:3)
  4 bats
  5 goblins
  8 hobgoblins
  3 jackals (D:1)
  5 kobolds
  A quokka (D:2)
  2 frilled lizards (D:1)
  3 rats (D:2)
54 creatures vanquished.

Notes
Turn   | Place    | Note
-------+----------+-------------------------------------------
     0 | D:1      | RoseArtemis the Minotaur Fighter began the quest for the Orb.
     0 | D:1      | Reached XP level 1. HP: 19/19 MP: 0/0
   331 | D:1      | Reached XP level 2. HP: 27/27 MP: 1/1
   353 | D:1      | Reached skill level 3 in Maces & Flails
   647 | D:2      | Reached XP level 3. HP: 28/33 MP: 2/2
   910 | D:2      | Found a shimmering altar of Xom.
   946 | D:2      | Found an opulent altar of Gozag.
  1022 | D:2      | Reached XP level 4. HP: 40/40 MP: 3/3
  1086 | D:2      | Found a bloodstained altar of Trog.
  1101 | D:2      | Became a worshipper of Trog the Wrathful
  1437 | D:3      | Reached skill level 4 in Maces & Flails
  1581 | D:3      | Reached XP level 5. HP: 21/47 MP: 4/4
  2002 | D:3      | Noticed Terence
  2016 | D:3      | Killed Terence
  2134 | D:3      | Reached skill level 5 in Maces & Flails
  2135 | D:3      | Slain by a gnoll shaman

Vault maps used:
D:1:      minmay_arrival_semitransparent, minmay_heptomino_l4
D:2:      lemuel_coloured_pillars_altar,
          nicolae_gozag_cash_rules_everything_around_me, lemuel_crystal_altar
D:3:      kennysheep_generic_room_16, uniq_terence
D:4:      old_standard_altar, lemuel_crystal_altar, minmay_misc_feat_pillars

Skill      XL: |  1  2  3  4  5 |
---------------+----------------+-----
Maces & Flails | 3 4 5 |  5.0
Fighting       | 4 |  4.7
Shields        | 4 |  4.7
Armour         | 4 |  4.7

Action                   |  1- 3 |  4- 6 || total
-------------------------+-------+-------++-------
Melee: Flail             |    11 |    64 ||    75
       Spear             |   101 |    10 ||   111
       Headbutt          |    10 |     6 ||    16
  Use: Scroll            |     2 |     4 ||     6
       Potion            |       |     1 ||     1
  Eat: Chunk             |     1 |     3 ||     4
Armor: Scale mail        |    35 |    23 ||    58
Dodge: Dodged            |    25 |    29 ||    54
Block: Shield            |    48 |    42 ||    90

Table legend:
 A = Spawn XP
 B = Non-spawn XP
 C = Spawn XP percentage of total XP
 D = Spawn monster count
 E = Non-spawn monster count
 F = Spawn count percentage of total count
 G = Total turns spent on level
                    A         B        C        D         E        F      G
               +---------+---------+-------+---------+---------+-------+---------
         Total |       0 |     320 |   0.0 |       0 |      54 |   0.0 |  2135
               +---------+---------+-------+---------+---------+-------+---------
           D:1 |       0 |      35 |   0.0 |       0 |      15 |   0.0 |   603
           D:2 |       0 |      70 |   0.0 |       0 |      17 |   0.0 |   787
           D:3 |       0 |     215 |   0.0 |       0 |      22 |   0.0 |   738
               +---------+---------+-------+---------+---------+-------+---------
